 Dungeon Crawl Stone Soup version 0.31-a0-848-gaac375c287 (webtiles) character file.

Game seed: 9850075303619868430

759 retardedninja the Sneak (level 7, 0/36 HPs)
             Began as a Gargoyle Fire Elementalist on Oct 4, 2023.
             Slain by a killer bee (1 damage)
             ... on level 5 of the Dungeon.
             The game lasted 00:05:52 (5486 turns).

retardedninja the Sneak (GrFE)                      Turns: 5486, Time: 00:05:53

Health: 0/36       AC:  7    Str: 11    XL:     7   Next: 80%
Magic:  5/12       EV: 12    Int: 18    God:
Gold:   266        SH:  0    Dex: 10    Spells: 10/13 levels left

rFire   + . .        g - +0 scythe
rCold   x . .        (shield currently unavailable)
rNeg    + + .        a - +0 robe
rPois   ∞            m - +0 helmet
rElec   +            (no cloak)
rCorr   .            (no gloves)
SInv    .            (no boots)
Will    .....        (no amulet)
Stlth   +++          k - ring of fire
HPRegen 0.26/turn    h - ring of positive energy
MPRegen 0.13/turn

%: no passive effects
@: no status effects
A: sickness immunity, AC +4, negative energy resistance 1, electricity
resistance, torment resistance 1, petrification resistance
a: no special abilities


You were on level 5 of the Dungeon.
You visited 1 branch of the dungeon, and saw 5 of its levels.

You collected 266 gold pieces.

Inventory:

Hand Weapons
 g - a +0 scythe (weapon)
Armour
 a - a +0 robe (worn)
 m - a +0 helmet (worn)
 o - a +0 pair of boots
Jewellery
 h - a ring of positive energy (right hand)
 k - a ring of fire (left hand)
Wands
 n - a wand of flame (10)
Scrolls
 d - 2 scrolls of identify {unknown}
 e - 2 scrolls of fog {unknown}
 p - a scroll of amnesia {unknown}
 r - a scroll of noise {unknown}
Potions
 b - 2 potions of magic
 c - 3 potions of degeneration {unknown}
 f - a potion of attraction {unknown}
 i - 2 potions of heal wounds {unknown}
 j - a potion of might {unknown}
 l - a potion of mutation {unknown}
 q - a potion of lignification {unknown}


   Skills:
 + Level 3.4 Dodging
 + Level 4.9 Stealth
 + Level 3.9 Spellcasting
 + Level 4.0 Conjurations
 + Level 4.7 Fire Magic


You had 10 spell levels left.
You knew the following spells:

 Your Spells              Type           Power      Damage    Failure   Level
a - Foxfire               Conj/Fire      100%       2x1d9     2%          1
b - Scorch                Fire           60%        2d7       3%          2

Your spell library contained the following spells:

 Spells                   Type           Power      Damage    Failure   Level
 Momentum Strike          Conj/Tloc      20%        3d8       10%         2
 Inner Flame              Hex/Fire       18%        N/A       17%         3
 Volatile Blastmotes      Fire/Tloc      36%        2d13      17%         3
 Blink                    Tloc           6%         N/A       22%         2
 Lesser Beckoning         Tloc           6%         N/A       22%         2
 Flame Wave               Conj/Fire      28%        2d9       24%         4


Dungeon Overview and Level Annotations

Branches:
Dungeon (5/15)
 Temple: D:4-7

Altars:
Xom


Innate Abilities, Weirdness & Mutations

You are immune to sickness and miasma.
Your stone body is resilient. (AC +4)
You are immune to poison.
You resist negative energy. (rN+)
You are resistant to electric shocks. (rElec)
You are resistant to unholy torment.
You are immune to petrification.


Message History

The killer bee is lightly wounded.
The killer bee's fire resistance burns away.
Unknown command.
Casting: Scorch (safe; 3% risk of failure)
Confirm with . or Enter, or press ? or * to list all spells.
You feel a surge of power!
Flames lash the killer bee.
The killer bee is burned terribly!
You kill the killer bee!
Your Conjurations skill increases to level 4!
Unknown command.
A killer bee comes into view.
You miss the killer bee.
The killer bee buzzes angrily.
The killer bee stings you. The killer bee barely misses you. x2
You closely miss the killer bee. The killer bee misses you.
The killer bee closely misses you. The killer bee stings you.
You miss the killer bee.
The killer bee stings you but does no damage. x2
The killer bee closely misses you.
You closely miss the killer bee. The killer bee stings you.
* * * LOW HITPOINT WARNING * * *
A killer bee comes into view.
The killer bee stings you.
* * * LOW HITPOINT WARNING * * *
The killer bee stings you.
* * * LOW HITPOINT WARNING * * *
Casting: Scorch (safe; 3% risk of failure)
Confirm with . or Enter, or press ? or * to list all spells.
You feel a surge of power!
Flames lash the killer bee.
The killer bee is moderately wounded.
The killer bee's fire resistance burns away.
The killer bee buzzes angrily.
The killer bee misses you. x2
Found 2 large rocks.
The killer bee stings you but does no damage.
The killer bee stings you.
* * * LOW HITPOINT WARNING * * *
The killer bee attacks as it pursues you!
The killer bee stings you.
You die...

#. #.# .# #.# #.#
#.# #.### #.# #...#
#†###...# #.>##...#
#.######.y.....#####
.......@y...........
##..#..###.#...####
#.... #.....#
#...##.####...##
.(.##
#.........##### ##
########......#
##...#.# ###...#
##..#


You could see 2 killer bees.

Vanquished Creatures
  Sigmund (D:2)
  Menkaure (D:4)
  A water moccasin (D:4)
  A scorpion (D:4)
  2 killer bees (D:5)
  Ijyb (D:4)
  An orc wizard (D:4)
  6 adders
  3 worms
  2 dart slugs (D:1)
  11 orcs
  6 bats
  5 endoplasms
  3 giant cockroaches
  6 goblins
  9 hobgoblins
  3 jackals (D:1)
  5 kobolds
  3 quokkas
  6 ball pythons
  5 frilled lizards
  9 rats
90 creatures vanquished.

Vanquished Creatures (others)
  473 foxfires
473 creatures vanquished.

Grand Total: 563 creatures vanquished

Notes
Turn   | Place    | Note
-------+----------+-------------------------------------------
     0 | D:1      | retardedninja the Gargoyle Fire Elementalist began the
                  | quest for the Orb.
     0 | D:1      | Reached XP level 1. HP: 10/10 MP: 3/3
     7 | D:1      | Noticed a lindwurm
     7 | D:1      | Noticed an iguana
     7 | D:1      | Noticed a hound
     8 | D:1      | Noticed a scorpion
     8 | D:1      | Noticed a black bear
   172 | D:1      | Reached XP level 2. HP: 6/15 MP: 0/5
   886 | D:1      | Reached XP level 3. HP: 19/19 MP: 0/6
  1893 | D:2      | Found a shimmering altar of Xom.
  2006 | D:2      | Noticed Sigmund
  2015 | D:2      | Killed Sigmund
  2016 | D:2      | Reached XP level 4. HP: 4/24 MP: 1/8
  2016 | D:2      | Reached XP level 5. HP: 4/28 MP: 1/9
  2217 | D:2      | Learned a level 2 spell: Scorch
  2442 | D:2      | Reached XP level 6. HP: 29/32 MP: 5/10
  4719 | D:4      | Noticed Ijyb
  4733 | D:4      | Killed Ijyb
  4933 | D:4      | Noticed Menkaure
  4938 | D:4      | Killed Menkaure
  4939 | D:4      | Reached XP level 7. HP: 30/36 MP: 6/12
  5422 | D:5      | Entered Level 5 of the Dungeon
  5485 | D:5      | HP: 1/36 [killer bee (2)]
  5486 | D:5      | Slain by a killer bee

Illustrated notes

Levels and vault maps discovered:
D:1:      onia_arrival_zoo_common, layout_basic, kennysheep_boxes
D:2:      layout_loops_cross, basic_altar, minmay_misc_feat_doors, uniq_sigmund
D:3:      layout_basic, nicolae_eternal_life
D:4:      layout_cave_pools, uniq_ijyb, uniq_menkaure
D:5:      layout_rooms, mainiacjoe_overflow_alcove_2,
          mainiacjoe_overflow_catwalk, kennysheep_mini

Skill      XL: |  1  2  3  4  5  6  7 |
---------------+----------------------+-----
Dodging        | 2 3 |  3.4
Stealth        | 3 4 |  4.9
Conjurations   | 2 3 4 |  4.0
Spellcasting   | 3 |  3.9
Fire Magic     | 4 |  4.7

Action                     |  1- 3 |  4- 6 |  7- 9 || total
---------------------------+-------+-------+-------++-------
  Melee: Unarmed           |    33 |       |       ||    33
         Punch             |     1 |       |       ||     1
         Halberd           |       |       |     4 ||     4
   Cast: Foxfire           |   112 |   139 |    31 ||   282
         Scorch            |       |     2 |     5 ||     7
 Armour: Robe              |    51 |    31 |    39 ||   121
  Dodge: Dodged            |    44 |    16 |    31 ||    91

Table legend: (Time is in decaauts)
 A = Elapsed time spent in this place.
 B = Non-inter-level travel time spent in this place.
 C = Inter-level travel time spent in this place.
 D = Time resting spent in this place.
 E = Time spent auto-exploring this place.
 F = Levels seen in this place.
 G = Mean time per level.
                   A        B        C        D        E       F      G
               +--------+--------+--------+--------+--------+-----+--------+
         Total |   5485 |   5410 |     75 |    310 |   4169 |   5 | 1097.0 |
       Dungeon |   5485 |   5410 |     75 |    310 |   4169 |   5 | 1097.0 |
               +--------+--------+--------+--------+--------+-----+--------+

Top non-repeatable levels by time:
     D:1: 1842 daAuts
     D:2: 1354 daAuts
     D:3: 1183 daAuts
     D:4: 1039 daAuts
     D:5: 65 daAuts
